 Dungeon Crawl Stone Soup version 0.23-a0-395-gcf17ac6 (webtiles) character file.

19844 XanderDroid the Thaumaturge (level 12, -1/91 HPs)
             Began as a Gnoll Wizard on Oct 31, 2018.
             Was a Priest of Ashenzari.
             Slain by an eight-headed hydra (2 damage)
             ... on level 1 of the Lair of Beasts on Nov 1, 2018.
             The game lasted 02:14:05 (18326 turns).

XanderDroid the Thaumaturge (Gnoll Wizard)         Turns: 18326, Time: 02:14:05

Health: -1/91      AC: 10    Str: 10    XL:     12   Next: 73%
Magic:  35/35      EV:  2    Int: 25    God:    Ashenzari [***...]
Gold:   871        SH:  0    Dex: 14    Spells: 20/31 levels left

rFire    . . .     SeeInvis +   a - +3 spear (curse)
rCold    . . .     Gourm    .   b - +2 buckler (curse)
rNeg     + + +     Faith    .   l - +0 steam dragon scales
rPois    ∞         Spirit   .   n - +1 hat
rElec    .         Reflect  .   y - +0 cloak
rCorr    .         Harm     .   F - +0 pair of gloves
MR       .....     Rnd*Rage +   (no boots)
Stlth    ++++......             x - amulet of regeneration
HPRegen  0.65/turn              i - ring of poison resistance
MPRegen  0.24/turn              r - ring of magical power

@: petrified
A: distributed training, claws 1, fangs 1, berserk 1, blink, strong nose
a: Blink, Curse Item, Scrying, Renounce Religion


You were on level 1 of the Lair of Beasts.
You worshipped Ashenzari.
Ashenzari was most pleased with you.
You were not hungry.

You visited 3 branches of the dungeon, and saw 15 of its levels.

You collected 871 gold pieces.

Inventory:

Hand Weapons
 a - a cursed +3 spear (weapon)
Armour
 b - a cursed +2 buckler (worn)
 g - a +0 scale mail of magic resistance
 l - +0 steam dragon scales (worn)
 n - a +1 hat (worn)
 y - a +0 cloak (worn)
 F - a +0 pair of gloves (worn)
Jewellery
 i - a ring of poison resistance (left hand)
 r - a ring of magical power (right hand)
 x - an amulet of regeneration (around neck)
 E - an uncursed ring of ice
Wands
 c - a wand of disintegration (15)
 m - a wand of digging (2)
 u - a wand of clouds (5)
 v - a wand of paralysis (29)
 B - a wand of flame (48)
Scrolls
 f - 4 scrolls of fear
 j - 6 scrolls of teleportation
 k - 6 scrolls of enchant armour
 p - 5 scrolls of amnesia
 t - 2 scrolls of blinking
 z - 2 scrolls of enchant weapon
 A - 4 scrolls of fog
 C - 3 scrolls of identify
 D - a scroll of remove curse
Potions
 e - a potion of invisibility
 h - 2 potions of might
 o - a potion of lignification
 q - 6 potions of brilliance
 s - a potion of agility
 w - 2 potions of curing
Comestibles
 d - 20 rations


   Skills:
 + Level 7.4 Fighting
 + Level 7.4 Short Blades
 + Level 7.4 Long Blades
 + Level 7.4 Axes
 + Level 7.4 Maces & Flails
 + Level 7.4(10.4) Polearms
 + Level 7.4 Staves
 + Level 7.4 Slings
 + Level 7.4 Bows
 + Level 7.4 Crossbows
 + Level 7.4 Throwing
 + Level 7.4 Armour
 + Level 8.8 Dodging
 + Level 8.6 Stealth
 + Level 7.4(9.4) Shields
 + Level 7.4 Unarmed Combat
 + Level 10.3 Spellcasting
 + Level 6.6 Conjurations
 + Level 6.2 Hexes
 + Level 6.2 Charms
 + Level 6.6 Summonings
 + Level 6.2 Necromancy
 + Level 6.6 Translocations
 + Level 6.2 Transmutations
 + Level 6.2 Fire Magic
 + Level 6.2 Ice Magic
 + Level 6.2 Air Magic
 + Level 6.2 Earth Magic
 + Level 6.2 Poison Magic
 + Level 8.1 Invocations
 + Level 7.4 Evocations


You had 20 spell levels left.
You knew the following spells:

 Your Spells              Type           Power        Failure   Level  Hunger
a - Magic Dart            Conj           ####         1%          1    None
b - Blink                 Tloc           N/A          1%          2    None
c - Call Imp              Summ           #####...     1%          2    None
d - Conjure Flame         Conj/Fire      #####...     1%          3    None
e - Mephitic Cloud        Conj/Pois/Air  #####...     1%          3    None

Your spell library contained the following spells:

 Spells                   Type           Power        Failure   Level  Hunger
 Corona                   Hex            #####..      1%          1    None
 Slow                     Hex            #####...     1%          2    None
 Inner Flame              Hex/Fire       #####...     1%          3    None
 Portal Projectile        Hex/Tloc       #####.       1%          3    None
 Cause Fear               Hex            #####.....   3%          4    None
 Leda's Liquefaction      Hex/Erth       #####.....   3%          4    None


Dungeon Overview and Level Annotations

Branches:
Dungeon (12/15)            Temple (1/1) D:6            Lair (2/6) D:8
    Orc (0/2) D:9
  Swamp: Lair:2-4    Shoals: Lair:2-4     Snake: Lair:2-4    Spider: Lair:2-4

Altars:
Ashenzari
Cheibriados
Dithmenos
Elyvilon
Fedhas
Gozag
Hepliaklqana
Kikubaaqudgha
Makhleb
Nemelex Xobeh
Okawaru
Qazlal
Ru
Sif Muna
Trog
Uskayaw
Vehumet
Wu Jian
Xom
Yredelemnul
Zin
The Shining One

Shops:
D:6 (   D:7 }


Innate Abilities, Weirdness & Mutations

Your experience applies equally to all skills.
You have very sharp teeth.
Your uncanny sense of smell can sniff out nearby items.
You have sharp fingernails.
You tend to lose your temper in combat.
You can translocate small distances at will.


Message History

The eight-headed hydra bites you!
* * * LOW HITPOINT WARNING * * *
The eight-headed hydra bites you but does no damage.
The eight-headed hydra bites you.
* * * LOW HITPOINT WARNING * * *
The eight-headed hydra bites you!
* * * LOW HITPOINT WARNING * * *
The eight-headed hydra bites you.
* * * LOW HITPOINT WARNING * * *
The eight-headed hydra bites you!
* * * LOW HITPOINT WARNING * * *
The eight-headed hydra bites you but does no damage.
The eight-headed hydra bites you!
* * * LOW HITPOINT WARNING * * *
The eight-headed hydra bites you.
* * * LOW HITPOINT WARNING * * *
The eight-headed hydra bites you!
* * * LOW HITPOINT WARNING * * *
The eight-headed hydra bites you.
You die...

#..##..# #.. ##...÷##
####.. ##...# #.#.#.
#...#### ##....
##......# ######...#
#.......# ##.#.##....
###......# #...#.....#
#".......# #...#....##
#.....@..## #........##
#....#D.†.###....##P...
##.....................
###.##...P.#######.#..
#....##### ##### ######


You could see an eight-headed hydra.

Vanquished Creatures
  Fannar (Lair:1)
  Erolcha (D:9)
  2 hydras (Lair:1)
  Harold (D:9)
  3 two-headed ogres
  Pikel (D:5)
  2 cyclopes (D:11)
  A manticore (D:11)
  5 spiny frogs
  A rime drake (Lair:1)
  A torpor snail (Lair:1)
  A troll (D:9)
  2 hornets
  Grinder (D:4)
  2 hippogriffs (D:11)
  Prince Ribbit (D:6)
  Sigmund (D:5)
  6 yaks
  3 steam dragons
  A basilisk (Lair:1)
  2 humans (D:10)
  2 soldier ants
  Menkaure (D:4)
  5 water moccasins
  Duvessa (D:7)
  2 ice beasts
  5 sky beasts
  A necrophage (D:7)
  6 orc warriors
  3 black bears
  8 ogres
  2 phantoms
  5 centaurs
  9 wolves
  A crocodile (Lair:2)
  7 bullfrogs
  Dowan (D:7)
  A wyvern skeleton (D:6)
  4 scorpions
  11 killer bees
  9 wights
  5 howler monkeys
  A centaur zombie (D:7)
  2 crimson imps
  3 hounds
  2 bullfrog zombies
  4 orc priests
  Crazy Yiuf (D:5)
  A jelly (D:7)
  A centaur skeleton (D:9)
  2 iguanas (D:4)
  14 orc wizards
  Ijyb (D:5)
  5 worker ants
  A hound skeleton (D:6)
  A hound zombie (D:8)
  13 adders
  3 shadow imps
  4 oozes
  2 adder skeletons
  A worm (D:5)
  6 dart slugs
  5 leopard geckos
  41 orcs
  6 giant cockroaches
  5 goblins
  4 hobgoblins
  17 jackals
  8 kobolds
  6 quokkas
  2 ball pythons
  7 bats
  3 frilled lizards
  2 jackal skeletons (D:5)
  A quokka zombie (D:5)
  3 rats (D:1)
  A fungus (Lair:2)
307 creatures vanquished.

Vanquished Creatures (collateral kills)
  A manticore (D:11)
  A spiny frog (Lair:1)
  A soldier ant (D:8)
  A worker ant (D:8)
4 creatures vanquished.

Vanquished Creatures (others)
  A hound zombie (D:5)
1 creature vanquished.

Grand Total: 312 creatures vanquished

Notes
Turn   | Place    | Note
-------+----------+-------------------------------------------
     0 | D:1      | XanderDroid the Gnoll Wizard began the quest for the Orb.
     0 | D:1      | Reached XP level 1. HP: 13/13 MP: 8/8
   275 | D:1      | Reached XP level 2. HP: 18/19 MP: 8/10
   279 | D:1      | Learned a level 2 spell: Blink
   282 | D:1      | Learned a level 2 spell: Call Imp
   556 | D:1      | Reached XP level 3. HP: 25/25 MP: 8/11
   561 | D:1      | Learned a level 3 spell: Conjure Flame
   565 | D:1      | Learned a level 3 spell: Mephitic Cloud
   658 | D:1      | Upgraded the game from 0.23-a0-393-g6e9e0f2 to
                  | 0.23-a0-395-gcf17ac6
   853 | D:2      | Reached skill level 1 in Invocations
  1009 | D:2      | Reached skill level 1 in Fighting
  1009 | D:2      | Reached skill level 1 in Short Blades
  1009 | D:2      | Reached skill level 1 in Long Blades
  1009 | D:2      | Reached skill level 1 in Axes
  1009 | D:2      | Reached skill level 1 in Maces & Flails
  1009 | D:2      | Reached skill level 1 in Polearms
  1009 | D:2      | Reached skill level 1 in Staves
  1009 | D:2      | Reached skill level 1 in Slings
  1009 | D:2      | Reached skill level 1 in Bows
  1009 | D:2      | Reached skill level 1 in Crossbows
  1009 | D:2      | Reached skill level 1 in Throwing
  1009 | D:2      | Reached skill level 1 in Armour
  1009 | D:2      | Reached skill level 1 in Shields
  1009 | D:2      | Reached skill level 1 in Unarmed Combat
  1009 | D:2      | Reached skill level 1 in Evocations
  1051 | D:2      | Reached XP level 4. HP: 24/32 MP: 8/13
  1827 | D:3      | Reached skill level 1 in Hexes
  1827 | D:3      | Reached skill level 1 in Charms
  1827 | D:3      | Reached skill level 1 in Necromancy
  1827 | D:3      | Reached skill level 1 in Transmutations
  1827 | D:3      | Reached skill level 1 in Fire Magic
  1827 | D:3      | Reached skill level 1 in Ice Magic
  1827 | D:3      | Reached skill level 1 in Air Magic
  1827 | D:3      | Reached skill level 1 in Earth Magic
  1827 | D:3      | Reached skill level 1 in Poison Magic
  1942 | D:3      | Found a stormy altar of Qazlal.
  1945 | D:3      | Found a sacrificial altar of Ru.
  1945 | D:3      | Found a glowing silver altar of Zin.
  2177 | D:3      | Reached XP level 5. HP: 32/37 MP: 14/14
  2471 | D:4      | Found a hazy altar of Hepliaklqana.
  2718 | D:4      | Reached XP level 6. HP: 44/44 MP: 16/16
  2924 | D:4      | Noticed Menkaure
  3134 | D:4      | Found a sacrificial altar of Ru.
  3143 | D:4      | Noticed Grinder
  3179 | D:4      | Paralysed by Grinder for 5 turns
  3184 | D:4      | Killed Grinder
  3184 | D:4      | Reached skill level 5 in Dodging
  3184 | D:4      | Reached XP level 7. HP: 32/50 MP: 16/18
  3538 | D:5      | Entered Level 5 of the Dungeon
  4187 | D:5      | Reached skill level 5 in Stealth
  4299 | D:5      | Found a runed door.
  4303 | D:5      | Noticed Crazy Yiuf
  4309 | D:5      | Killed Crazy Yiuf
  4434 | D:5      | Noticed Ijyb
  4461 | D:5      | Reached XP level 8. HP: 57/57 MP: 4/19
  4471 | D:5      | Killed Ijyb
  4650 | D:5      | Noticed Pikel
  4695 | D:5      | Killed Pikel
  4695 | D:5      | Reached skill level 8 in Spellcasting
  4813 | D:5      | Noticed Sigmund
  4994 | D:5      | Killed Sigmund
  4994 | D:5      | Reached XP level 9. HP: 65/65 MP: 15/21
  5236 | D:6      | Found a staircase to the Ecumenical Temple.
  5676 | Temple   | Entered the Ecumenical Temple
  5795 | Temple   | Became a worshipper of Ashenzari the Shackled
  6314 | D:6      | Found a blossoming altar of Fedhas.
  6316 | D:6      | Noticed Prince Ribbit
  6332 | D:6      | Killed Prince Ribbit
  6523 | D:6      | Found Yxeumuf's Weapon Emporium.
  6841 | D:7      | Reached skill level 5 in Invocations
  6862 | D:7      | Found Qot Goqo's Gadget Emporium.
  7007 | D:7      | Reached XP level 10. HP: 61/73 MP: 22/22
  8001 | D:4      | Killed Menkaure
  8001 | D:4      | Reached skill level 5 in Fighting
  8001 | D:4      | Reached skill level 5 in Short Blades
  8001 | D:4      | Reached skill level 5 in Long Blades
  8001 | D:4      | Reached skill level 5 in Axes
  8001 | D:4      | Reached skill level 5 in Maces & Flails
  8001 | D:4      | Reached skill level 5 in Polearms
  8001 | D:4      | Reached skill level 5 in Staves
  8001 | D:4      | Reached skill level 5 in Slings
  8001 | D:4      | Reached skill level 5 in Bows
  8001 | D:4      | Reached skill level 5 in Crossbows
  8001 | D:4      | Reached skill level 5 in Throwing
  8001 | D:4      | Reached skill level 5 in Armour
  8001 | D:4      | Reached skill level 5 in Shields
  8001 | D:4      | Reached skill level 5 in Unarmed Combat
  8001 | D:4      | Reached skill level 5 in Evocations
  8254 | D:7      | Noticed Duvessa
  8255 | D:7      | Noticed Dowan
  8288 | D:7      | Killed Duvessa
  8398 | D:7      | Killed Dowan
  9309 | D:8      | Reached skill level 9 in Spellcasting
  9656 | D:8      | Reached skill level 5 in Conjurations
  9656 | D:8      | Reached skill level 5 in Summonings
  9656 | D:8      | Reached skill level 5 in Translocations
  9671 | D:8      | Noticed a two-headed ogre
  9704 | D:8      | Killed a two-headed ogre
  9739 | D:8      | Found a radiant altar of Vehumet.
 10089 | D:8      | Found a staircase to the Lair.
 10231 | D:9      | Noticed a two-headed ogre
 10254 | D:9      | Killed a two-headed ogre
 10254 | D:9      | Reached XP level 11. HP: 81/81 MP: 15/24
 10511 | D:9      | Reached * piety under Ashenzari
 10547 | D:9      | Noticed Erolcha
 10581 | D:9      | Killed Erolcha
 10925 | D:9      | Reached skill level 5 in Hexes
 10925 | D:9      | Reached skill level 5 in Charms
 10925 | D:9      | Reached skill level 5 in Necromancy
 10925 | D:9      | Reached skill level 5 in Transmutations
 10925 | D:9      | Reached skill level 5 in Fire Magic
 10925 | D:9      | Reached skill level 5 in Ice Magic
 10925 | D:9      | Reached skill level 5 in Air Magic
 10925 | D:9      | Reached skill level 5 in Earth Magic
 10925 | D:9      | Reached skill level 5 in Poison Magic
 11065 | D:9      | Gained mutation: You have sharp fingernails. [potion of
                  | mutation]
 11065 | D:9      | Gained mutation: You tend to lose your temper in combat.
                  | [potion of mutation]
 11065 | D:9      | Gained mutation: You can translocate small distances at
                  | will. [potion of mutation]
 11500 | D:9      | Found a staircase to the Orcish Mines.
 11663 | D:10     | Entered Level 10 of the Dungeon
 11740 | D:10     | Noticed Harold
 11850 | D:9      | Killed Harold
 12296 | D:10     | Noticed a two-headed ogre
 12376 | D:10     | Killed a two-headed ogre
 12970 | D:10     | Reached ** piety under Ashenzari
 13262 | D:10     | Found an iron altar of Okawaru.
 13685 | D:11     | Noticed a manticore
 13831 | D:11     | Killed a manticore
 14901 | D:11     | Noticed a cyclops
 14909 | D:11     | Reached XP level 12. HP: 89/89 MP: 25/25
 15788 | D:11     | Reached skill level 10 in Spellcasting
 16050 | Lair:1   | Entered Level 1 of the Lair of Beasts
 16229 | Lair:1   | Reached *** piety under Ashenzari
 16879 | Lair:2   | Noticed a death yak
 16881 | Lair:2   | Noticed a death yak
 17029 | Lair:2   | Noticed Fannar
 17111 | Lair:1   | Killed Fannar
 17429 | Lair:2   | Noticed a four-headed hydra
 17717 | Lair:1   | Killed a four-headed hydra
 17881 | Lair:2   | Noticed a five-headed hydra
 17931 | Lair:1   | Killed a five-headed hydra
 18187 | Lair:2   | Noticed an eight-headed hydra
 18326 | Lair:1   | HP: 1/91 [eight-headed hydra (5)]
 18326 | Lair:1   | Slain by an eight-headed hydra

Vault maps used:
D:1:      dpeg_arrival_connections
D:2:      first_ration
D:3:      gammafunk_temple_overflow_forgotten
D:4:      marbit_many_paths, nicolae_ru_great_annihilating_truth, uniq_grinder,
          uniq_menkaure
D:5:      uniq_sigmund, uniq_pikel, uniq_ijyb, uniq_crazy_yiuf_cottage
D:6:      fedhas_altar_fruit_tree, minmay_temple_entry_glass, serial_shops,
          nicolae_shop_window_shopping, chequers_serial_rivers_micro_e,
          uniq_prince_ribbit1
D:7:      serial_shops, shop, abandoned_shop, uniq_duvessa
D:8:      vehumet_altar_wand_db, dpeg_oklobed_lair, hangedman_pestilent_swarm
D:9:      orc_0_dummy, uniq_erolcha
D:10:     serial_corexii_hall, chequers_hall_statues_y, corexii_hall_statues_t,
          okawaru_humans, uniq_harold
D:12:     uniq_nergalle
Temple:   nicolae_temple_elliptical
Lair:2:   nicolae_lair_grove_arrangements, uniq_fannar

Skill      XL: |  1  2  3  4  5  6  7  8  9 10 11 12 |
---------------+-------------------------------------+-----
Conjurations   | 2 3 4 5 6 |  6.6
Summonings     | 2 3 4 5 6 |  6.6
Translocations | 2 3 4 5 6 |  6.6
Invocations    | 1 2 3 4 5 6 7 8 |  8.1
Fighting       | 1 2 3 4 5 6 7 |  7.4
Short Blades   | 1 2 3 4 5 6 7 |  7.4
Long Blades    | 1 2 3 4 5 6 7 |  7.4
Axes           | 1 2 3 4 5 6 7 |  7.4
Maces & Flails | 1 2 3 4 5 6 7 |  7.4
Polearms       | 1 2 3 4 5 6 7 |  7.4
Staves         | 1 2 3 4 5 6 7 |  7.4
Slings         | 1 2 3 4 5 6 7 |  7.4
Bows           | 1 2 3 4 5 6 7 |  7.4
Crossbows      | 1 2 3 4 5 6 7 |  7.4
Throwing       | 1 2 3 4 5 6 7 |  7.4
Armour         | 1 2 3 4 5 6 7 |  7.4
Shields        | 1 2 3 4 5 6 7 |  7.4
Unarmed Combat | 1 2 3 4 5 6 7 |  7.4
Evocations     | 1 2 3 4 5 6 7 |  7.4
Hexes          | 1 2 3 4 5 6 |  6.2
Charms         | 1 2 3 4 5 6 |  6.2
Necromancy     | 1 2 3 4 5 6 |  6.2
Transmutations | 1 2 3 4 5 6 |  6.2
Fire Magic     | 1 2 3 4 5 6 |  6.2
Ice Magic      | 1 2 3 4 5 6 |  6.2
Air Magic      | 1 2 3 4 5 6 |  6.2
Earth Magic    | 1 2 3 4 5 6 |  6.2
Poison Magic   | 1 2 3 4 5 6 |  6.2
Dodging        | 5 6 7 8 |  8.8
Stealth        | 5 6 7 8 |  8.6
Spellcasting   | 8 9 10 | 10.3

Action                   |  1- 3 |  4- 6 |  7- 9 | 10-12 || total
-------------------------+-------+-------+-------+-------++-------
Melee: Dagger            |    16 |    49 |       |       ||    65
       Bite              |       |     4 |    18 |    96 ||   118
       Punch             |       |     1 |       |       ||     1
       Spear             |       |    14 |    31 |   627 ||   672
       Quarterstaff      |       |       |    43 |       ||    43
       Mace              |       |       |    86 |    37 ||   123
       Short sword       |       |       |       |    62 ||    62
 Cast: Magic Dart        |    50 |   118 |   263 |   787 ||  1218
       Mephitic Cloud    |       |     6 |    28 |   110 ||   144
       Call Imp          |       |     1 |       |    12 ||    13
       Blink             |       |       |     1 |    17 ||    18
Invok: Curse Item        |       |       |       |     1 ||     1
  Use: Scroll            |       |     5 |     5 |     3 ||    13
       Potion            |       |     1 |     2 |    10 ||    13
 Stab: Confused          |       |     2 |     5 |    62 ||    69
       Sleeping          |       |       |       |     1 ||     1
  Eat: Chunk             |     1 |     7 |     9 |    10 ||    27
       Ration            |     1 |       |     1 |     8 ||    10
Armor: Robe              |     4 |    18 |    32 |    39 ||    93
       Steam dragon scal |       |       |       |    84 ||    84
Dodge: Dodged            |    12 |    77 |   150 |   479 ||   718
Block: Buckler           |       |       |    40 |   236 ||   276

Table legend:
 A = Non-vault XP
 B = Vault XP
 C = Vault XP percentage of total XP
 D = Non-vault monster count
 E = Vault monster count
 F = Vault count percentage of total count
                 A         B        C        D         E       F
            +---------+---------+-------+---------+---------+-------
      Total |   22471 |    5878 |  20.7 |     287 |      24 |   7.7
            +---------+---------+-------+---------+---------+-------
        D:1 |      34 |       0 |   0.0 |      14 |       0 |   0.0
        D:2 |      85 |       0 |   0.0 |      18 |       0 |   0.0
        D:3 |      55 |       0 |   0.0 |      20 |       0 |   0.0
        D:4 |     415 |     468 |  53.0 |      15 |       7 |  31.8
        D:5 |     864 |     941 |  52.1 |      25 |       4 |  13.8
        D:6 |    1457 |     268 |  15.5 |      36 |       1 |   2.7
        D:7 |    1802 |     213 |  10.6 |      34 |       2 |   5.6
        D:8 |    1729 |     609 |  26.0 |      19 |       5 |  20.8
        D:9 |    2725 |    2006 |  42.4 |      21 |       2 |   8.7
       D:10 |    1927 |     365 |  15.9 |      13 |       2 |  13.3
       D:11 |    4668 |       0 |   0.0 |      47 |       0 |   0.0
     Lair:1 |    5573 |    1008 |  15.3 |      18 |       1 |   5.3
     Lair:2 |    1137 |       0 |   0.0 |       7 |       0 |   0.0
            +---------+---------+-------+---------+---------+-------
